AoeStats
← cossacks17

Arabia

503415120Analyzed
1v1 RM · 1mo ago on Aug 31, 2026· 26m 38s· 2 players
Game mode
Random Map
Map size
Tiny (2 player)
Population
200
Speed
Normal
Resources
Standard
Victory
Conquest
Starting age
Dark Age
Ending age
Imperial Age
RankedLock teamsTeams togetherTeam positionsShared explorationLock speedFull tech treeHidden civsTurbo modeCheats
Victory
Defeat
🇩🇪 Chinese · Germany
724
+17
🇬🇧 Burmese · United Kingdom
743
-17
perspektive
9:56 Feudal Age
10:27 Double-Bit Axe
18:56 Castle Age
17:53 Padded Archer Armor
19:03 Fletching
19:14 Horse Collar
19:01 Crossbowman
19:40 Gold Mining
20:12 Loom
21:18 Gold Shaft Mining
21:00 Bow Saw
21:15 Heavy Plow
22:10 Bodkin Arrow
23:29 Leather Archer Armor
cossacks17
7:01 Loom
10:37 Feudal Age
18:16 Castle Age
16:02 Man-at-Arms
17:48 Man-at-Arms
19:13 Squires
19:57 Forging
19:48 Scale Mail Armor
19:45 Town Watch
24:33 Fletching
25:25 Elite Skirmisher
26:38 Padded Archer Armor
Connection lost

Rejoining the realm…

Still unreachable

The connection could not be restored.

Session expired

The server has moved on; the page needs a fresh start.